 Dungeon Crawl Stone Soup version 0.23.1 (webtiles) character file.

Game seed: 525224968133440069

26 uberloutre the Caller (level 2, 0/11 HPs)
             Began as a Felid Summoner on Mar 7, 2019.
             Slain by an adder (5 damage)
             ... on level 2 of the Dungeon.
             The game lasted 00:08:02 (1625 turns).

uberloutre the Caller (Felid Summoner)              Turns: 1625, Time: 00:08:02

Health: 0/11       AC:  1    Str:  4    XL:     2   Next: 89%
Magic:  2/6        EV: 18    Int: 16    God:
Gold:   83         SH:  0    Dex: 16    Spells: 4/5 levels left
                                        Lives:  0   Deaths: 0

rFire    . . .     SeeInvis +   (weapon unavailable)
rCold    . . .     Gourm    .   (shield unavailable)
rNeg     . . .     Faith    .   (armour unavailable)
rPois    .         Spirit   .   (helmet unavailable)
rElec    .         Reflect  .   (cloak unavailable)
rCorr    .         Harm     .   (gloves unavailable)
MR       .....                  (boots unavailable)
Stlth    +++.......             (no amulet)
HPRegen  0.03/turn              (no ring)
MPRegen  0.10/turn              (no ring)

@: lethally poisoned (0 -> -8), quick
A: very small, no armour, no weapons or thrown items, stealth, claws 1, fangs 3,
see invisible, carnivore, speed 1, shaggy fur 1, slow metabolism 1, sharp paws
a: no special abilities


You were on level 2 of the Dungeon.
You were completely stuffed.

You visited 1 branch of the dungeon, and saw 2 of its levels.

You collected 83 gold pieces.

Inventory:

Scrolls
 a - 3 scrolls of identify
 d - a scroll of remove curse {unknown}
 i - a scroll of magic mapping {unknown}
Potions
 c - a potion of curing {unknown}
 e - a potion of heal wounds {unknown}
 f - a potion of agility {unknown}
 h - a potion of haste {unknown}
Comestibles
 b - 3 rations
 g - 8 chunks of flesh


   Skills:
 * Level 2.9 Dodging
 * Level 2.9 Stealth
 * Level 2.4 Spellcasting
 * Level 4.5 Summonings


You had 4 spell levels left.
You knew the following spells:

 Your Spells              Type           Power        Failure   Level  Hunger
a - Summon Small Mammal   Summ           ###.         3%          1    #......

Your spell library contained the following spells:

 Spells                   Type           Power        Failure   Level  Hunger
 Call Imp                 Summ           ###.....     4%          2    ###....
 Call Canine Familiar     Summ           ###.....     10%         3    ###....
 Summon Guardian Golem    Hex/Summ       #.......     24%         3    ###....
 Summon Ice Beast         Ice/Summ       #.......     61%         4    #####..
 Summon Lightning Spire   Summ/Air       #.......     61%         4    #####..


Dungeon Overview and Level Annotations

Branches:
Dungeon (2/15)

Altars:
Gozag


Innate Abilities, Weirdness & Mutations

You cannot wear armour.
You are incapable of wielding weapons or throwing items.
Your paws allow you to move quietly. (Stealth)
You have sharp claws.
You have razor-sharp teeth.
You have supernaturally acute eyesight. (SInv)
You are carnivorous and can eat meat at any time.
You cover ground quickly.
You are covered in fur. (AC +1)
You have a slow metabolism.
Your sharp claws are effective at attacking unaware monsters.


Message History

You feel sick.
Your bat misses the adder. The adder bites your bat.
Your bat dies!
Your bat's corpse disappears in a puff of smoke!
Your quokka closely misses the adder.
You feel sick.
Casting: Summon Small Mammal (safe; 3% risk of failure)
Confirm with . or Enter, or press ? or * to list all spells.
You feel sick.
Casting: Summon Small Mammal (safe; 3% risk of failure)
Confirm with . or Enter, or press ? or * to list all spells.
The adder misses you.
You swap places.
Your bat misses the adder.
Your quokka closely misses the adder.
Your rat closely misses the adder.
Casting: Summon Small Mammal (safe; 3% risk of failure)
Confirm with . or Enter, or press ? or * to list all spells.
You feel sick.
Your bat misses the adder. The adder barely misses you.
Your bat barely misses the adder.
Your rat bites the adder.
The adder bites you.
You die...

####### ###
#########..##[#######.#########
........#..##.....r............
######..........@Sb...#.######
........#..#.....rr..........#
.#...#..#..##..[.........##.##
........#..##.######.)...##§#
.#...#..#..##.#..........##r#
........#..##.#.####.....##.#
######..#.....#..........##§# #
#.#..#.....######.....#..# #
#.#......................#


You could see an adder, a friendly quokka, a friendly bat and 2 friendly rats.

Vanquished Creatures
  A goblin (D:2)
1 creature vanquished.

Vanquished Creatures (collateral kills)
  An adder (D:2)
  An ooze (D:1)
  A worm (D:2)
  A leopard gecko (D:2)
  3 giant cockroaches
  6 goblins
  A hobgoblin (D:1)
  3 jackals (D:2)
  4 kobolds
  A bat (D:2)
  A frilled lizard (D:1)
  A rat (D:1)
24 creatures vanquished.

Grand Total: 25 creatures vanquished

Notes
Turn   | Place    | Note
-------+----------+-------------------------------------------
     0 | D:1      | uberloutre the Felid Summoner began the quest for the Orb.
     0 | D:1      | Reached XP level 1. HP: 7/7 MP: 4/4
   467 | D:1      | Reached XP level 2. HP: 6/11 MP: 1/6
  1354 | D:2      | Found an opulent altar of Gozag.
  1625 | D:2      | Slain by an adder

Action                   || total
-------------------------++-------
Melee: Unarmed           ||     7
 Cast: Summon Small Mamm ||    61
  Use: Scroll            ||     2
  Eat: Chunk             ||     9
Armor: Skin              ||     1
Dodge: Dodged            ||    13
